Map: Prion Terraces

Players

Miszu

  • Race: Terran Terran
  • League: Master

Exehn - Winner!

  • Race: Protoss Protoss
  • League: Master

VOD

Have the link to the VOD?

Description

Time

  • Played on: March 29, 2016, 6:12 p.m.
  • Length: 9:32
Show
View Real Time Build Order
Export as new Build Order

Miszu Terran 

Build Orders: MMM Bio 

Get SALT Encoding   

  12  0:01  SCV  
  13  0:13  SCV  
  14  0:17  Supply Depot  
  14  0:25  SCV  
  15  0:39  Barracks, SCV  
  16  0:43  Refinery  
  16  0:51  SCV  
  17  1:03  SCV  
  18  1:07  Command Center  
  18  1:15  SCV  
  19  1:20  Barracks  
  19  1:27  SCV  
  20  1:35  Barracks  
  20  1:39  SCV  
  21  1:52  SCV  
  21  1:54  Barracks  
  23  2:08  Marine  
  23  2:09  Orbital Command  
  23  2:25  Marine  
  23  2:26  Marine, Orbital Command  
  25  2:30  Refinery  
  25  2:32  Refinery  
  25  2:34  SCV  
  26  2:40  Marine  
  26  2:42  Marine  
  28  2:46  SCV  
  29  2:51  Marine  
  29  2:53  SCV  
  29  2:58  Supply Depot, Marine  
  32  2:59  SCV  
  32  3:02  Marine  
  32  3:05  SCV  
  35  3:09  Barracks Tech Lab  
  35  3:12  SCV  
  36  3:16  Marine  
  36  3:17  SCV  
  38  3:20  Supply Depot, Marine  
  38  3:24  SCV  
  40  3:29  Marine, SCV  
  40  3:30  Stimpack  
  40  3:33  Marine  
  43  3:36  SCV  
  43  3:37  Marine  
  43  3:39  Refinery  
  43  3:41  Factory, SCV  
  45  3:46  Supply Depot  
  45  3:47  Marine  
  47  3:48  SCV  
  47  3:52  Marine  
  47  3:53  SCV  
  50  3:57  Marine  
  50  4:00  SCV  
  52  4:05  Marauder  
  52  4:07  Engineering Bay, SCV  
  55  4:11  Supply Depot  
  55  4:13  SCV  
  55  4:17  Barracks Reactor, Barracks Tech Lab  
  56  4:19  SCV  
  56  4:24  Barracks x2  
  57  4:29  Starport  
  57  4:30  Factory Reactor  
  57  4:34  Marauder  
  57  4:36  SCV  
  59  4:39  Marauder  
  59  4:43  SCV  
  62  4:49  SCV, Combat Shields  
  63  4:53  Supply Depot  
  63  4:55  Marine  
  63  4:56  SCV  
  65  5:00  Marine, Marauder  
  65  5:01  Marine  
  65  5:04  Terran Infantry Weapons Level 1  
  69  5:10  Missile Turret  
  69  5:13  Marine, Missile Turret  
  70  5:16  Barracks Tech Lab  
  70  5:17  Barracks Reactor  
  69  5:22  Marauder  
  69  5:24  Marine  
  69  5:25  Marine  
  69  5:28  Medivac  
  75  5:30  Supply Depot  
  75  5:31  Marauder  
  75  5:32  Supply Depot  
  77  5:36  Marine  
  77  5:38  Concussive Shells  
  78  5:51  Marine x2, Medivac  
  78  5:52  Marine, Marauder  
  78  5:53  Supply Depot  
  78  5:54  Marine x2  
  78  5:55  Marine  
  88  5:59  Medivac  
  90  6:08  Refinery  
  90  6:09  Marine  
  90  6:10  Marauder  
  93  6:14  Marine  
  93  6:15  Marauder  
  96  6:19  Supply Depot  
  96  6:20  Supply Depot  
  96  6:25  Marine, Command Center  
  95  6:26  Marauder  
  95  6:32  Liberator  
  98  6:35  Marine, Marauder  
  98  6:36  Marine x2, Liberator  
  98  6:37  Marauder  
  95  6:43  Marine  
  91  6:47  Marauder  
  91  6:53  Marine  
  91  6:54  Marine x2  
  100  7:07  Marine x2, Marauder  
  104  7:08  Marine  
  104  7:11  Marine x3  
  104  7:15  Liberator  
  108  7:25  Supply Depot, Terran Infantry Armor Level 1  
  108  7:26  SCV x2  
  110  7:32  Marine, Marauder x2  
  119  7:38  SCV x2  
  119  7:42  Orbital Command  
  120  7:51  Marine x2  
  123  7:55  Engineering Bay  
  123  7:57  Armory  
  123  7:58  Marine, Marauder  
  125  7:59  Marauder  
  125  8:00  Marine  
  125  8:01  Marine  
  125  8:02  Liberator  
  129  8:09  Marine x2  
  120  8:15  Marine  
  120  8:18  Marine  
  120  8:19  Marine x2  
  127  8:20  Marine  
  127  8:26  Marine  
  127  8:27  Marine  
  116  8:33  Marine, SCV  
  101  8:36  Marine  
  101  8:37  Marine  
  101  8:38  SCV x2  
  105  8:42  Armory  
  105  8:44  Supply Depot  
  105  8:45  SCV  
  105  8:48  Marine, Marauder  
  109  8:50  SCV x2  
  109  8:51  Marine x2  
  113  8:58  SCV  
  113  9:00  Marine x2, Marauder  
  113  9:02  SCV x2  
  120  9:09  Marine  
  121  9:10  Marine, SCV  
Show
View Real Time Build Order
Export as new Build Order

Exehn Protoss - Winner!

Build Orders: 1 Gate Expand, Blink Stalkers 

Get SALT Encoding   

  12  0:01  Probe (Chrono Boost)  
  13  0:11  Probe (Chrono Boost)  
  14  0:19  Pylon  
  14  0:22  Probe (Chrono Boost)  
  15  0:37  Probe (Chrono Boost)  
  15  0:39  Gateway  
  16  0:44  Assimilator  
  16  0:48  Probe (Chrono Boost)  
  17  0:58  Probe (Chrono Boost)  
  18  1:09  Probe (Chrono Boost)  
  19  1:20  Probe (Chrono Boost)  
  20  1:30  Probe (Chrono Boost)  
  21  1:34  Nexus  
  21  1:46  Cybernetics Core, Probe (Chrono Boost)  
  22  1:51  Assimilator  
  22  1:52  Pylon  
  22  2:00  Probe (Chrono Boost)  
  23  2:11  Probe (Chrono Boost)  
  24  2:21  Probe (Chrono Boost)  
  25  2:23  Adept, Warp Gate  
  27  2:32  Probe (Chrono Boost)  
  28  2:42  Probe (Chrono Boost)  
  29  2:47  Probe (Chrono Boost)  
  29  2:51  Twilight Council, Stalker  
  32  2:53  Probe (Chrono Boost)  
  32  2:58  Mothership Core (Chrono Boost)  
  35  3:01  Pylon  
  35  3:03  Probe (Chrono Boost)  
  36  3:14  Probe (Chrono Boost)  
  36  3:16  Probe (Chrono Boost)  
  36  3:19  Assimilator  
  38  3:22  Assimilator  
  38  3:24  Probe (Chrono Boost)  
  38  3:25  Probe (Chrono Boost)  
  40  3:28  Blink (Chrono Boost)  
  40  3:30  Stalker  
  42  3:34  Pylon  
  42  3:35  Probe  
  42  3:36  Probe  
  44  3:46  Probe  
  44  3:48  Probe  
  46  3:55  Robotics Facility  
  46  3:56  Probe  
  46  4:00  Probe  
  46  4:01  Gateway  
  46  4:02  Gateway  
  48  4:07  Probe  
  49  4:12  Probe  
  50  4:17  Probe  
  50  4:19  Pylon  
  50  4:23  Pylon  
  51  4:36  Probe  
  52  4:41  Probe  
  53  4:47  Observer (Chrono Boost)  
  54  4:53  Forge  
  54  5:02  Stalker  
  54  5:03  Stalker x2  
  54  5:07  Observer (Chrono Boost)  
  61  5:10  Nexus  
  60  5:14  Probe  
  60  5:16  Probe  
  62  5:22  Pylon  
  62  5:24  Gateway  
  62  5:26  Gateway, Protoss Ground Weapons Level 1 (Chrono Boost), Sentry x2  
  62  5:27  Pylon, Stalker  
  68  5:28  Resonating Glaives  
  68  5:36  Warp Prism (Chrono Boost), Probe  
  68  5:37  Probe  
  68  5:42  Pylon  
  72  5:47  Probe  
  72  5:49  Gateway, Probe  
  74  5:50  Gateway  
  74  5:55  Stalker x2  
  78  5:59  Stalker  
  79  6:11  Immortal (Chrono Boost)  
  79  6:18  Probe x2  
  85  6:23  Pylon  
  85  6:25  Adept x3  
  91  6:29  Adept x2  
  79  6:57  Adept x5, Immortal  
  89  7:14  Protoss Ground Armor Level 1 (Chrono Boost)  
  89  7:25  Stalker x3  
  89  7:26  Stalker x4  
  103  7:30  Assimilator  
  103  7:32  Assimilator  
  103  7:40  Observer  
  104  7:45  Pylon  
  104  7:47  Pylon  
  104  7:49  Adept x2  
  104  7:50  Adept x5, Pylon  
  118  8:01  Immortal  
  122  8:13  Adept x3  
  122  8:16  Adept x4  
  115  8:35  Immortal  
  115  8:41  Stalker x7  
  129  9:04  Adept  
  129  9:05  Adept x6  
  117  9:26  Stalker  
  117  9:27  Stalker x6  
Tags
 
Add a new tag
Caveats
  • Supply blocks, unpowered buildings, or Contaminate may cause inaccurate times.
  • Supply counts are checked every 10 seconds.